cohdb
Replays
Latest Replays
All Replays
Popular Replays
Top Player Replays
Match Explorer
How It Works
Community
CoH3 Stats
Reddit
Sign in to upload your games and track your stats! →
Sign in with Steam
Match 45376623
Unlisted
Match 45376623
Overview
Messages
Build Orders
End
Construct Infanterie Kompanie
Selects Terror Battlegroup
Selects Machine Gun Camouflage
MG 42 Machine Gun Team
MG 42 Machine Gun Team
MG 42 Machine Gun Team
Grenadier Squad
Grenadier Squad
Construct Panzergrenadier Kompanie
Infanterie Officer Quarters
Pak 40 Anti-tank Gun Team
Selects Contempt for the Weak
Support Elements
StuG III G Assault Gun
Nebelwerfer 42 Rocket Launcher Team
Selects Propaganda Leaflet Drop
Propaganda Leaflet Drop
Medical Station
251 Medium Carrier
Side Skirts
StuG III G Assault Gun
Panzergrenadier Officer Quarters
StuG III G Assault Gun
Selects V1 Rocket Strike
StuG III G Assault Gun
V1 Rocket Strike
StuG III G Assault Gun
Selects No Quarter
Selects Defend the Fatherland
Pioneer Squad
StuG III G Assault Gun
V1 Rocket Strike
AI Takeover
A18
AVA
Čaroděj Dobroděj
고베
Sayamander 🐉
jackliushanghai
nanagonana
zombie land SAGA
0
0
Comments
sign in to comment!
No comments posted yet!